[Event "Team 45 45 League T23"]
[Site "Internet Chess Club"]
[Date "2004.07.18"]
[Round "6"]
[White "GhostMate"]
[Black "CraigCKlein"]
[Result "0-1"]
[WhiteElo "1695"]
[BlackElo "1769"]
[TimeControl "2700+45"]

1. e4 c5 2. Nf3 e6 3. d4 cxd4 4. Nxd4 a6 5. Nc3 Qc7 6. a3 b5 7. Bd2 Bb7 8. Bd3
Nc6 9. Nb3 Nf6 10. Qe2 Bd6 11. h3 O-O 12. O-O Be7 13. f4 d6 14. Rae1 Nd7 15. Nd5
exd5 16. exd5 Nce5 17. fxe5 Nxe5 18. Bc3 Rae8 19. Bxe5 dxe5 20. Qxe5 Bc5+ 21.
Nxc5 Rxe5 22. Rxe5 Qxe5 {White resigns} 0-1

[Event "Team 45 45 League T23"]
[Site "Internet Chess Club"]
[Date "2004.07.18"]
[Round "6"]
[White "Pilgrim"]
[Black "Zolbalus"]
[Result "1-0"]
[WhiteElo "1606"]
[BlackElo "1783"]
[TimeControl "2700+45"]

1. e4 c5 2. Nf3 Nc6 3. d4 cxd4 4. Nxd4 Nf6 5. Nc3 e5 6. Nb3 Bb4 7. f3 d5 8. Bd2
Be7 9. exd5 Nxd5 10. Bc4 Nc7 11. O-O O-O 12. Qe2 a6 13. Rad1 Ne6 14. Nd5 Bg5 15.
Bc3 f6 16. f4 b5 17. fxg5 bxc4 18. Nxf6+ gxf6 19. Rxd8 Ncxd8 20. Qxc4 Kg7 21.
gxf6+ {Black resigns} 1-0

[Event "Team 45 45 League T23"]
[Site "Internet Chess Club"]
[Date "2004.07.18"]
[Round "6"]
[White "sameerwadkar2"]
[Black "Catalog"]
[Result "0-1"]
[WhiteElo "2039"]
[BlackElo "2195"]
[TimeControl "2700+45"]

1. e4 c5 2. Nf3 d6 3. d4 cxd4 4. Qxd4 Nc6 5. Bb5 Bd7 6. Bxc6 Bxc6 7. Nc3 Nf6 8.
Bg5 Nd7 9. Nd5 h6 10. Be3 e6 11. Nc3 Qf6 12. O-O-O Be7 13. Qd3 O-O 14. Nd4 Nc5
15. Qe2 Bxe4 16. b4 Bxg2 17. Rhg1 Ne4 18. Nxe4 Bxe4 19. Rg4 Bg6 20. Rdg1 Rfc8
21. c4 e5 22. Nf3 Qf5 23. Rxg6 fxg6 {White resigns} 0-1

[Event "Team 45 45 League T23"]
[Site "Internet Chess Club"]
[Date "2004.07.19"]
[Round "6"]
[White "Pawntastic"]
[Black "fledermaus"]
[Result "0-1"]
[WhiteElo "1723"]
[BlackElo "2045"]
[TimeControl "2700+45"]

1. c3 e5 2. e4 Nf6 3. d3 d5 4. Bg5 dxe4 5. Bxf6 gxf6 6. dxe4 Qxd1+ 7. Kxd1 f5 8.
Bd3 fxe4 9. Bxe4 Bc5 10. f3 f5 11. Bd5 Ke7 12. Kc2 Rd8 13. Bc4 Nd7 14. Ne2 Nb6
15. Bb3 a5 16. a3 a4 17. Ba2 Nd5 18. Bxd5 Rxd5 19. c4 Rd6 20. Rd1 Rxd1 21. Kxd1
Be6 22. Nd2 Be3 23. Kc2 Bxd2 24. Kxd2 Bxc4 25. Nc3 Rd8+ 26. Ke1 Bb3 27. Rc1 c6
28. g4 Kf6 29. h4 h6 30. Nb1 fxg4 31. fxg4 Rg8 32. g5+ hxg5 33. hxg5+ Rxg5 34.
Kf2 Rh5 35. Kg3 Kf5 36. Nd2 Rg5+ 37. Kf2 Bd5 38. Rg1 Rxg1 39. Kxg1 Kf4 40. Kf2
b5 41. Ke2 Bc4+ 42. Kf2 Bd3 43. Nf3 e4 44. Nd4 e3+ 45. Ke1 Be4 46. Ke2 Bd5 47.
Nc2 Bc4+ 48. Ke1 c5 49. Kd1 Bb3 50. Kc1 Bxc2 51. Kxc2 Kf3 {White resigns} 0-1

[Event "Team 45 45 League T23"]
[Site "Internet Chess Club"]
[Date "2004.07.21"]
[Round "6"]
[White "Turnedone"]
[Black "Kasparklunk"]
[Result "1-0"]
[WhiteElo "1949"]
[BlackElo "1470"]
[TimeControl "2700+45"]

1. e4 Nf6 2. e5 Nd5 3. d4 d6 4. Nf3 Bg4 5. h3 Bxf3 6. Qxf3 dxe5 7. dxe5 c6 8. e6
f6 9. Bc4 g6 10. O-O Bg7 11. Rd1 O-O 12. Nc3 Qc7 13. Bxd5 cxd5 14. Nxd5 Qxc2 15.
Nxe7+ Kh8 16. Be3 Re8 17. Qxb7 f5 18. Rac1 Qe4 19. Rc8 Qxb7 20. Rxe8+ Bf8 21.
Rxf8+ Kg7 22. Rf7+ Kh8 23. Bd4# {Black checkmated} 1-0

[Event "Team 45 45 League T23"]
[Site "Internet Chess Club"]
[Date "2004.07.21"]
[Round "6"]
[White "AlPearson"]
[Black "Winclick"]
[Result "1/2-1/2"]
[WhiteElo "1506"]
[BlackElo "1724"]
[TimeControl "2700+45"]

1. e4 e5 2. Nf3 d6 3. Nc3 c5 4. Bc4 Nc6 5. O-O Nf6 6. d3 h6 7. Be3 Be7 8. Nd5
O-O 9. Nxe7+ Qxe7 10. a3 Be6 11. Bb5 Nd4 12. Nxd4 cxd4 13. Bd2 Rac8 14. Ba4 a6
15. c4 dxc3 16. Bxc3 b5 17. Bc2 Nd7 18. d4 exd4 19. Qxd4 Nf6 20. Rfd1 Rfd8 21.
Rac1 Qb7 22. e5 Rc4 23. Qd3 Ne4 24. f3 Nxc3 25. Qh7+ Kf8 26. bxc3 Qb6+ 27. Kh1
dxe5 28. Qh8+ Ke7 29. Qxg7 Rxd1+ 30. Rxd1 Qf2 31. Bb3 Qe2 32. Qxh6 Rc8 33. Qg5+
Ke8 34. Qg8+ Ke7 35. Qg5+ Ke8 36. Qg8+ Ke7 37. Qg5+ Ke8 38. Qg8+ Ke7 {Game drawn
by repetition} 1/2-1/2

[Event "Team 45 45 League T23"]
[Site "Internet Chess Club"]
[Date "2004.07.19"]
[Round "6"]
[White "claymil"]
[Black "thetexan"]
[Result "1-0"]
[WhiteElo "1663"]
[BlackElo "1610"]
[TimeControl "2700+45"]

1. c4 Nf6 2. Nc3 g6 3. g3 Bg7 4. Bg2 O-O 5. e3 e5 6. Nge2 c6 7. O-O d5 8. cxd5
cxd5 9. d3 Nc6 10. a3 Bg4 11. h3 Be6 12. b4 a6 13. Bb2 Qd7 14. Kh2 e4 15. Na4
Qd6 16. dxe4 Ng4+ 17. hxg4 Bxb2 18. Nxb2 Qe5 19. Nd3 Qg5 20. Rh1 dxe4 21. Bxe4
Bxg4 22. Ndf4 Rad8 23. Qc2 Ne5 24. Nd4 Rxd4 25. exd4 Nf3+ 26. Kg2 Nxd4 27. Qc4
Qe5 28. Rae1 Rc8 29. Qd3 b5 30. Bb7 {Black resigns} 1-0

[Event "Team 45 45 League T23"]
[Site "Internet Chess Club"]
[Date "2004.07.18"]
[Round "6"]
[White "joshtournman"]
[Black "hondocando"]
[Result "1-0"]
[WhiteElo "1535"]
[BlackElo "1577"]
[TimeControl "2700+45"]

1. e4 c5 2. Bc4 d6 3. Nf3 Bg4 4. Nc3 g6 5. h3 Bd7 6. d4 Qb6 7. dxc5 Qxc5 8. Qd5
Qxd5 9. Nxd5 b5 10. Nc7+ Kd8 11. Nxa8 bxc4 12. Be3 Nc6 13. Nd4 Bg7 14. Nxc6+
Bxc6 15. Bxa7 Bxa8 16. O-O-O Bxe4 17. f3 Bb7 18. Rhe1 Nf6 19. Bd4 d5 20. g4 e6
21. Re3 Kc7 22. b3 Ne8 23. Bxg7 Nxg7 24. Rc3 Ba6 25. bxc4 Bxc4 26. Ra3 Rb8 27.
Ra7+ Rb7 28. Ra8 Kd7 29. Ra4 Ne8 30. Rxc4 Ra7 31. Rb4 Rxa2 32. Rb7+ Nc7 33. Kb1
Ra3 34. Rd3 Rxd3 35. cxd3 Kc6 36. Rb8 f5 37. Rh8 e5 38. gxf5 gxf5 39. Rxh7 e4
40. fxe4 fxe4 41. dxe4 dxe4 42. Re7 Nb5 43. Kc2 Kd5 44. Kd2 Nd4 45. Rd7+ Ke5 46.
Re7+ Kf4 47. Rd7 Nf3+ 48. Kd1 e3 49. Rf7+ Kg3 50. Ke2 Ng5 51. Rg7 Kf4 52. h4 Ne4
53. Rf7+ Kg4 54. Kxe3 Nd6 55. Rf4+ Kh5 56. Kf3 Ne8 57. Kg3 Ng7 58. Rf7 Kg6 59.
Rf2 Ne6 60. Kg4 Ng7 61. Rb2 Nh5 62. Rb6+ Nf6+ 63. Kf4 Kg7 64. Kg5 Nd5 65. Rb7+
Kg8 66. h5 Nc3 67. Kg6 Kf8 68. h6 Nd5 69. h7 Ne7+ 70. Rxe7 Kxe7 71. h8=Q {Black
resigns} 1-0

[Event "Team 45 45 League T23"]
[Site "Internet Chess Club"]
[Date "2004.07.17"]
[Round "6"]
[White "sdcohle"]
[Black "Lothar"]
[Result "0-1"]
[WhiteElo "1329"]
[BlackElo "1523"]
[TimeControl "2700+45"]

1. d4 Nf6 2. c4 g6 3. Nf3 Bg7 4. Nc3 O-O 5. e3 d6 6. Be2 c5 7. O-O Nbd7 8. b3 b6
9. Rb1 Bb7 10. b4 Qb8 11. bxc5 dxc5 12. dxc5 Nxc5 13. Ba3 Ng4 14. h3 Bxc3 15.
hxg4 Rd8 16. Qc1 Bg7 17. Bxc5 bxc5 18. Rd1 Qc7 19. Rxd8+ Rxd8 20. Nd2 Bc6 21.
Bf3 Bxf3 22. Nxf3 h6 23. Qc2 Bf6 24. Qe4 Bb2 25. Qc2 Ba3 26. Qc3 Bb4 27. Qc2 e5
28. e4 f6 29. Qc1 g5 30. Ne1 Bxe1 31. Qxe1 Rd4 32. Rc1 Qc6 33. f3 Qa4 34. Qe2
Qb4 35. Rc2 a5 36. Kf2 a4 37. Qe3 Rxc4 38. Rxc4 Qxc4 39. Qa3 Kf7 40. Kg3 Ke6 41.
Kh3 Kd6 42. Qb2 Qb4 43. Qc2 Kc6 44. Qd1 Qd4 45. Qe2 c4 46. g3 Kc5 47. Qc2 Qg1
48. Qg2 Qxg2+ 49. Kxg2 c3 50. Kf1 c2 51. Ke1 c1=Q+ 52. Ke2 Kd4 53. f4 Qe3+ 54.
Kd1 Qxg3 55. fxg5 hxg5 56. a3 Qxg4+ 57. Kc1 Qxe4 58. Kb2 Qb1+ 59. Kxb1 g4 60.
Kc1 g3 61. Kd1 g2 62. Ke1 g1=Q+ 63. Kd2 e4 64. Ke2 Qg2+ 65. Kd1 Kc3 66. Ke1 Kd3
67. Kd1 Qd2# {White checkmated} 0-1

[Event "Team 45 45 League T23"]
[Site "Internet Chess Club"]
[Date "2004.07.18"]
[Round "6"]
[White "rph"]
[Black "Chess2Play"]
[Result "1/2-1/2"]
[WhiteElo "1755"]
[BlackElo "1673"]
[TimeControl "2700+45"]

1. d4 d5 2. c4 e6 3. Nc3 c5 4. cxd5 cxd4 5. Qxd4 Nc6 6. Qa4 exd5 7. Be3 Bb4 8.
Nf3 Bxc3+ 9. bxc3 Nf6 10. g3 O-O 11. Bg2 Re8 12. h3 Bd7 13. O-O Ne5 14. Qc2
Nxf3+ 15. exf3 Qc8 16. Kh2 Qc6 17. Rfe1 b6 18. Re2 Qc4 19. Bf1 Ba4 20. Qd2 Rac8
21. Bd4 Rxe2 22. Bxe2 Qc6 23. Bd3 Bb5 24. Bf5 Re8 25. Re1 Rxe1 26. Qxe1 Qe8 27.
Qe5 Bd7 28. Bc2 Qxe5 29. Bxe5 Bc6 30. Bb8 a6 31. Bc7 b5 32. Bf5 Bb7 33. Kg2 Kf8
34. Kf1 Ke7 35. Ke2 g6 36. Bc2 Kd7 37. Be5 Ke6 38. f4 Ne4 39. Ke3 Bc6 40. Bd4
Nd6 41. g4 Nc4+ 42. Kd3 f5 43. f3 fxg4 44. fxg4 Nd6 45. Be3 Ne4 46. Kd4 Bb7 47.
Bd3 Bc6 48. Bc2 Bb7 49. Bd3 {Game drawn by mutual agreement} 1/2-1/2

[Event "Team 45 45 League T23"]
[Site "Internet Chess Club"]
[Date "2004.07.19"]
[Round "6"]
[White "Xidnan"]
[Black "crankn8tr"]
[Result "1-0"]
[WhiteElo "1666"]
[BlackElo "1506"]
[TimeControl "2700+45"]

1. d4 Nf6 2. c4 e6 3. Nc3 Bb4 4. Bg5 O-O 5. e4 h6 6. Bxh6 gxh6 7. e5 Nh7 8. Nh3
Be7 9. Qg4+ Ng5 10. f4 Kh7 11. fxg5 Rg8 12. Bd3+ Kh8 13. Ne4 Bb4+ 14. Ke2 Be7
15. Qh5 Qf8 16. Rhf1 Nc6 17. Rxf7 Nxd4+ 18. Kd1 Nf5 19. Rxf8 Rxf8 20. Nf6 Ne3+
21. Kc1 Bxf6 22. exf6 Nf5 23. Bxf5 exf5 24. Qxh6+ Kg8 25. Qg7# {Black
checkmated} 1-0

[Event "Team 45 45 League T23"]
[Site "Internet Chess Club"]
[Date "2004.07.18"]
[Round "6"]
[White "CrumblingCastle"]
[Black "mitdale"]
[Result "0-1"]
[WhiteElo "1379"]
[BlackElo "1822"]
[TimeControl "2700+45"]

1. e4 c5 2. c3 d6 3. d4 cxd4 4. cxd4 a6 5. Nf3 g6 6. Nc3 Bg7 7. Bc4 e6 8. O-O
Qc7 9. Qe2 Nc6 10. Be3 Nf6 11. Rad1 Na5 12. Bd3 O-O 13. e5 Ng4 14. Bf4 dxe5 15.
dxe5 Nc6 16. Rfe1 Nh6 17. Qe3 Nf5 18. Qe2 Nfd4 19. Nxd4 Nxd4 20. Qe3 Nc6 21. h4
b5 22. h5 Bb7 23. g4 Rad8 24. Bg3 Nd4 25. Be4 Nc6 26. f4 Bh6 27. g5 Bg7 28. hxg6
fxg6 29. Kf2 Nxe5 30. Rxd8 Ng4+ 31. Kf3 Nxe3 32. Rxf8+ Bxf8 33. Bxb7 Qxb7+ 34.
Kxe3 Bc5+ 35. Kd2 Qg2+ 36. Kd1 Qxg3 37. Ne4 Qd3+ 38. Nd2 Be3 39. Rxe3 Qxe3 40.
Kc2 Qxf4 41. b3 Qxg5 42. Ne4 Qg2+ 43. Nd2 e5 44. Kd3 Kf7 45. Ne4 Qf3+ {White
resigns} 0-1

[Event "Team 45 45 League T23"]
[Site "Internet Chess Club"]
[Date "2004.07.16"]
[Round "6"]
[White "Garry"]
[Black "JLMOE"]
[Result "0-1"]
[WhiteElo "1553"]
[BlackElo "1295"]
[TimeControl "2700+45"]

1. e4 Nf6 2. Nc3 e6 3. d4 Be7 4. Nf3 d5 5. e5 Ne4 6. Bd2 Nc6 7. Bd3 a6 8. Bxe4
dxe4 9. Nxe4 Nxd4 10. Bc3 Nf5 11. Qxd8+ Bxd8 12. g4 Nh4 13. Nxh4 Bxh4 14. O-O-O
O-O 15. Bb4 Re8 16. f3 b6 17. Be1 Be7 18. Bc3 Bb7 19. Rd7 Rac8 20. Rhd1 a5 21.
R1d3 a4 22. Ng3 Ba6 23. Rd1 Bb5 24. R7d2 a3 25. b3 Bg5 26. Ne4 Bf4 27. Kb1 Bxd2
28. Rxd2 Red8 29. Kc1 Rxd2 30. Kxd2 Rd8+ 31. Ke1 Bc6 32. Bb4 Ra8 33. Ke2 Bxe4
34. fxe4 g6 35. Bd2 Kg7 36. Bg5 Ra5 37. Bf6+ Kf8 38. Bd8 Rc5 39. Kd3 Ke8 40. Bf6
b5 41. Bh4 Rc6 42. Be1 Kd7 43. Bb4 Ra6 44. h4 Ra8 45. Ke2 Kc6 46. Ke3 Kb6 47.
Be7 c6 48. b4 Re8 49. Bc5+ Kb7 50. Ke2 Rd8 51. c3 Rg8 52. g5 Rh8 53. Be7 Kc7 54.
Bf6 Re8 55. Kd2 Kd7 56. Ke3 Rc8 57. Kd4 Rc7 58. c4 bxc4 59. Kxc4 Rb7 60. Bg7 Rb8
61. Bf6 Rb7 62. Bg7 Ke8 63. Kb3 c5 64. Kxa3 c4 65. Kb2 Rxb4+ 66. Kc3 Ra4 67. a3
Kd7 68. Bf8 Kc6 69. Bb4 Kb5 70. Be7 Ra7 71. Bd6 Rd7 72. a4+ Kxa4 73. Kxc4 Rb7
74. Bc5 Rb2 75. Be7 Rh2 76. Kc5 Rxh4 77. Kd6 Rxe4 78. Bf6 Kb4 79. Ke7 Kc5 80.
Kxf7 Kd5 81. Kg7 Rh4 82. Kf7 Rh5 83. Kg7 Ke4 84. Kf7 Kf5 85. Ke7 h6 86. gxh6
Rxh6 87. Kf7 g5 88. Bxg5 Kxg5 89. Ke7 Kf5 90. Kd6 Rh8 {White resigns} 0-1

[Event "Team 45 45 League T23"]
[Site "Internet Chess Club"]
[Date "2004.07.18"]
[Round "6"]
[White "trikmamak"]
[Black "CLACTON"]
[Result "1/2-1/2"]
[WhiteElo "2139"]
[BlackElo "2139"]
[TimeControl "2700+45"]

1. e4 c5 2. Nf3 e6 3. d4 cxd4 4. Nxd4 a6 5. Bd3 Qc7 6. O-O Nf6 7. c4 Bc5 8. Nb3
Ba7 9. Nc3 Nc6 10. g3 h5 11. Bf4 d6 12. Rc1 Ne5 13. c5 dxc5 14. Bb5+ Bd7 15. Be2
O-O-O 16. Qc2 Bc6 17. Nd2 h4 18. Nc4 Nfd7 19. Rfd1 f6 20. Nd6+ Kb8 21. Nf7 g5
22. Nxd8 Rxd8 23. Be3 hxg3 24. hxg3 Rh8 25. Kg2 Nf8 26. Rh1 Rg8 27. f3 Nfg6 28.
Kf2 b5 29. a4 c4 30. Qd2 f5 31. axb5 axb5 32. Bxa7+ Qxa7+ 33. Qe3 Qxe3+ 34. Kxe3
f4+ 35. gxf4 Nxf4 36. Rh7 Rf8 37. Bd1 Nfd3 38. Rc2 b4 39. Rch2 bxc3 40. bxc3 Nf4
41. Rh8 Rxh8 42. Rxh8+ Kc7 43. Rg8 Nfg6 44. Be2 Kd6 45. Kd4 Nf4 46. Bd1 Nfg6 47.
Rg7 Bd7 48. Rg8 Nh4 49. Ke3 Nhg6 50. Ra8 Ke7 51. Kd4 Kf6 52. Be2 Nf4 53. Bd1
Nfg6 54. Ra2 Nh4 55. Ke3 Be8 56. Rf2 {Game drawn by mutual agreement} 1/2-1/2

[Event "Team 45 45 League T23"]
[Site "Internet Chess Club"]
[Date "2004.07.17"]
[Round "6"]
[White "Riga"]
[Black "DavidBarnsley"]
[Result "1/2-1/2"]
[WhiteElo "2014"]
[BlackElo "1984"]
[TimeControl "2700+45"]

1. e4 e6 2. d4 d5 3. Nd2 Nf6 4. e5 Ne4 5. Bd3 Nxd2 6. Bxd2 c5 7. c3 Nc6 8. Nf3
Qb6 9. Qb3 Qxb3 10. axb3 cxd4 11. cxd4 Nb4 12. Bb5+ Bd7 13. Bxd7+ Kxd7 14. Bxb4
Bxb4+ 15. Ke2 Rhc8 16. Rhc1 {Game drawn by mutual agreement} 1/2-1/2

[Event "Team 45 45 League T23"]
[Site "Internet Chess Club"]
[Date "2004.07.18"]
[Round "6"]
[White "boffin"]
[Black "Poet-Laureate"]
[Result "0-1"]
[WhiteElo "1993"]
[BlackElo "1891"]
[TimeControl "2700+45"]

1. e4 c6 2. d4 d5 3. e5 h6 4. Bd3 e6 5. f4 Ne7 6. c3 Nd7 7. Nd2 c5 8. Ndf3 c4 9.
Bc2 b5 10. Ne2 Nc6 11. f5 Nb6 12. fxe6 Bxe6 13. O-O Be7 14. Nf4 Qd7 15. Nxe6
Qxe6 16. Bd2 g6 17. Qe1 a5 18. a3 a4 19. Qg3 O-O-O 20. Rf2 Kb7 21. Raf1 Rdf8 22.
Nh4 Bxh4 23. Qxh4 Nd7 24. Rf3 Ne7 25. Qf2 Rh7 26. Be3 Ng8 27. Qe2 Rg7 28. Qd2 f5
29. exf6 Rxf6 30. Rxf6 Ndxf6 31. Bxh6 Rh7 32. Bf4 Ne4 33. Bxe4 Qxe4 34. Re1 Qf5
35. Be5 Rf7 36. Qe2 Nh6 37. Rf1 Qe6 38. Rxf7+ Nxf7 39. Qe3 Nd6 40. Qg5 Ne4 41.
Qd8 Qf7 42. Qb8+ Ka6 43. Qc8+ Kb6 44. Qd8+ Ka6 45. Qa8+ Kb6 46. Qb8+ Kc6 47.
Qc8+ Kb6 48. Qd8+ Ka6 49. Qh4 Kb7 50. Qf4 Qe7 51. Qh6 Qf7 52. Qg7 Qxg7 53. Bxg7
Kc6 54. Bf8 Kd7 55. g3 Ke6 56. Kg2 Kf5 57. Be7 Nd2 58. Kf2 Nb3 59. Ke2 Nc1+ 60.
Kd2 Nd3 61. Kc2 Kg4 62. Bd6 Ne1+ 63. Kd2 Nd3 64. Kc2 Kh3 65. Bb8 Kxh2 66. Bc7
Kg2 67. Bd6 Kf3 68. Bb8 Nf2 69. Kd2 Ne4+ 70. Ke1 Nxg3 71. Bxg3 Kxg3 {White
resigns} 0-1

[Event "Team 45 45 League T23"]
[Site "Internet Chess Club"]
[Date "2004.07.18"]
[Round "6"]
[White "lorca"]
[Black "chessateer"]
[Result "1/2-1/2"]
[WhiteElo "1707"]
[BlackElo "1909"]
[TimeControl "2700+45"]

1. Nf3 Nf6 2. g3 b6 3. Bg2 Bb7 4. b3 e5 5. d3 d6 6. Bb2 Be7 7. O-O Nbd7 8. c4
O-O 9. Na3 Re8 10. e4 a5 11. Re1 Nf8 12. Nc2 Bc8 13. d4 exd4 14. Ncxd4 Bg4 15.
h3 Bd7 16. e5 dxe5 17. Nxe5 Rc8 18. Nxd7 Qxd7 19. Nc6 Qxd1 20. Nxe7+ Rxe7 21.
Raxd1 Rxe1+ 22. Rxe1 Re8 23. Kf1 N8d7 24. Rd1 Nc5 25. Bxf6 gxf6 26. Re1 Rd8 27.
Bd5 Kf8 28. Rb1 Rd6 29. a3 c6 30. Bg2 Ne6 31. b4 axb4 32. axb4 c5 33. bxc5 Nxc5
34. Bd5 h6 35. Ra1 Ne6 36. Ra8+ Kg7 37. Ra7 Kg6 38. Kg2 b5 39. Bxe6 fxe6 40.
cxb5 Rd3 41. Rc7 Rb3 42. Rc5 e5 43. h4 Kf5 44. Kh3 Kg6 45. h5+ Kf5 46. f4 Ke4
47. fxe5 fxe5 48. Rc6 Rxb5 49. Rxh6 Kf3 50. Rf6+ Ke3 51. h6 e4 52. Kg4 Rb1 53.
h7 Rh1 54. Rf7 Kd2 55. Rd7+ Ke2 56. Kf4 e3 57. Ke4 Kf2 58. Rf7+ Kxg3 59. Kxe3
Kg4 60. Ke4 Kg5 {Game drawn by mutual agreement} 1/2-1/2

[Event "Team 45 45 League T23"]
[Site "Internet Chess Club"]
[Date "2004.07.23"]
[Round "6"]
[White "Bennie90"]
[Black "jongalt97"]
[Result "1-0"]
[WhiteElo "1942"]
[BlackElo "1785"]
[TimeControl "2700+45"]

1. d4 Nf6 2. Bg5 Ne4 3. Bf4 d5 4. e3 e6 5. Nd2 Bd6 6. Bxd6 Qxd6 7. Bd3 Nxd2 8.
Qxd2 Nd7 9. Nf3 h6 10. O-O O-O 11. c4 c6 12. c5 Qc7 13. Qc3 f6 14. e4 e5 15.
exd5 cxd5 16. Qb3 Qc6 17. Be4 Kh8 18. Bxd5 Qa6 19. Nh4 f5 20. c6 Rf6 21. cxd7
Bxd7 22. Bxb7 Qxf1+ 23. Rxf1 Rb8 24. Qd5 Be6 25. Qc6 {Black resigns} 1-0

[Event "Team 45 45 League T23"]
[Site "Internet Chess Club"]
[Date "2004.07.19"]
[Round "6"]
[White "Pilgrim"]
[Black "nminwalla"]
[Result "1-0"]
[WhiteElo "1626"]
[BlackElo "1682"]
[TimeControl "2700+45"]

1. e4 c5 2. Nf3 Nc6 3. d4 cxd4 4. Nxd4 g6 5. Be3 Bg7 6. Be2 Nf6 7. Nc3 O-O 8.
O-O d5 9. Nxc6 bxc6 10. Bd4 dxe4 11. Bxf6 Bxf6 12. Nxe4 Bxb2 13. Rb1 Bg7 14. Nc5
Qa5 15. Nd3 Qxa2 16. Bf3 Be6 17. Bxc6 Rac8 18. Nb4 Qc4 19. Qf3 a5 20. Bd5 Bxd5
21. Nxd5 e6 22. Ne7+ Kh8 23. Nxc8 Rxc8 24. Qxf7 {Black resigns} 1-0

[Event "Team 45 45 League T23"]
[Site "Internet Chess Club"]
[Date "2004.07.19"]
[Round "6"]
[White "SandiaCaveMan"]
[Black "fibin"]
[Result "1-0"]
[WhiteElo "1283"]
[BlackElo "1411"]
[TimeControl "2700+45"]

1. d4 d5 2. e3 Nf6 3. Nf3 Nc6 4. Bd3 Qd6 5. Nbd2 e5 6. dxe5 Nxe5 7. Nxe5 Qxe5 8.
h3 Be6 9. Nf3 Qd6 10. c3 O-O-O 11. Nd4 a6 12. Nxe6 Qxe6 13. O-O Bd6 14. Qc2 Qe5
15. f4 Qe7 16. Bd2 Bc5 17. Rae1 g6 18. b4 Bb6 19. a4 h5 20. a5 Ba7 21. b5 Rd6
22. bxa6 bxa6 23. Rb1 Bxe3+ 24. Kh2 Bxd2 25. Qxd2 c6 26. Bxa6+ Kd8 27. Rb8+ Kd7
28. Rxh8 Ne4 29. Qb2 Nc5 30. Qb8 Nxa6 31. Qc8# {Black checkmated} 1-0

[Event "Team 45 45 League T23"]
[Site "Internet Chess Club"]
[Date "2004.07.20"]
[Round "6"]
[White "Smart"]
[Black "BosqueVerde"]
[Result "1-0"]
[WhiteElo "1510"]
[BlackElo "1300"]
[TimeControl "2700+45"]

1. Nf3 e6 2. g3 d5 3. Bg2 c5 4. O-O Nc6 5. d3 h6 6. Nbd2 Qb6 7. Re1 Nf6 8. h3
Bd6 9. e4 Ne5 10. exd5 Nxd5 11. Nxe5 O-O 12. Nec4 Qc7 13. Nxd6 Qxd6 14. Nc4 Qd7
15. a4 b5 16. axb5 Qxb5 17. Ra3 Bb7 18. Rb3 Qd7 19. Qg4 Nf6 20. Qh4 Nd5 21. Re5
f5 22. Re2 Rf6 23. Ne5 Qc7 24. Qh5 f4 25. Rxb7 Qxb7 26. c4 Qb3 27. Re1 Qb4 28.
Qe2 Raf8 29. cxd5 fxg3 30. fxg3 Qd4+ 31. Qe3 Qxe3+ 32. Bxe3 exd5 33. Nd7 Rg6 34.
Nxf8 Rxg3 35. Bxc5 {Black resigns} 1-0

[Event "Team 45 45 League T23"]
[Site "Internet Chess Club"]
[Date "2004.07.16"]
[Round "6"]
[White "GoIrish"]
[Black "Koronin"]
[Result "0-1"]
[WhiteElo "1613"]
[BlackElo "1674"]
[TimeControl "2700+45"]

1. Nf3 Nf6 2. g3 b6 3. Bg2 Bb7 4. O-O e6 5. d3 Be7 6. e4 d5 7. e5 Nfd7 8. d4 c5
9. c3 O-O 10. Qc2 Nc6 11. h4 Ba6 12. Re1 cxd4 13. cxd4 Rc8 14. Nc3 Nb4 15. Qd2
Nd3 16. Bf1 Nxe1 17. Qxe1 Bxf1 18. Qxf1 Qc7 19. Qd3 Qc4 20. Qd1 Bb4 21. Bd2 Bxc3
22. bxc3 a6 23. h5 h6 24. Nh4 Qd3 25. Ng2 Rfd8 26. Ne1 Qe4 27. f3 Qf5 28. g4 Qh7
29. Ng2 b5 30. Ne3 Qd3 31. Nf1 Nb6 32. Qe1 Qxf3 33. Nh2 Qh3 34. Qf2 Nc4 35. Bxh6
gxh6 36. Qf6 Ne3 37. Qf2 Nxg4 38. Nxg4 Qxg4+ 39. Kh1 Qxh5+ 40. Kg1 Qf5 41. Qh2
Rxc3 42. Rf1 Qg4+ 43. Kh1 Rh3 44. Rf2 Rxh2+ 45. Rxh2 Qd1+ 46. Kg2 Qe2+ 47. Kg1
Qxh2+ 48. Kxh2 Rc8 49. Kh3 Rc4 50. Kh4 Rxd4+ 51. Kh5 Kf8 52. a4 Rxa4 53. Kxh6
Re4 54. Kg5 b4 55. Kf6 Rxe5 56. Kxe5 b3 57. Kf6 b2 58. Ke5 b1=Q 59. Kd6 Qb6+ 60.
Ke5 Qc7+ 61. Kd4 Qc4+ 62. Ke5 f6+ {White resigns} 0-1

[Event "Team 45 45 League T23"]
[Site "Internet Chess Club"]
[Date "2004.07.16"]
[Round "6"]
[White "siddhu"]
[Black "MrAnderssen"]
[Result "0-1"]
[WhiteElo "1512"]
[BlackElo "1540"]
[TimeControl "2700+45"]

1. e4 c5 2. Nf3 Nc6 3. Bb5 a6 4. Bxc6 bxc6 5. Nc3 Nf6 6. d3 e6 7. e5 Nd5 8. Nxd5
cxd5 9. c4 Bb7 10. Bg5 Be7 11. Be3 O-O 12. O-O d6 13. Qb3 Rb8 14. Qc3 d4 15.
Bxd4 cxd4 16. Qxd4 Bxf3 17. gxf3 dxe5 18. Qxe5 Bf6 19. Qe2 {White resigns} 0-1

[Event "Team 45 45 League T23"]
[Site "Internet Chess Club"]
[Date "2004.07.19"]
[Round "6"]
[White "e4ia"]
[Black "SeniorCitizen"]
[Result "1-0"]
[WhiteElo "1478"]
[BlackElo "1378"]
[TimeControl "2700+45"]

1. c4 Nf6 2. Nc3 e6 3. e4 d5 4. e5 Ne4 5. Nxe4 dxe4 6. Qc2 Qd4 7. f4 exf3 8.
Nxf3 Qd8 9. d4 c6 10. Bd3 Bb4+ 11. Bd2 Bxd2+ 12. Qxd2 O-O 13. h4 f5 14. Qg5 Qxg5
15. hxg5 g6 16. Kd2 Kg7 17. Rh6 Bd7 18. c5 Na6 19. a3 Rh8 20. Rah1 Nc7 21. Bc4
b5 22. cxb6 axb6 23. Rc1 Nd5 24. g3 f4 25. Bxd5 cxd5 26. Rc7 Rhd8 27. gxf4 Rac8
28. Rxc8 Rxc8 29. Rh1 b5 30. Rc1 Rxc1 31. Kxc1 Kf7 32. Kd2 Ke7 33. Kc3 Kd8 34.
Kb4 Kc7 35. Kc5 Be8 36. Nd2 {Black resigns} 1-0

[Event "Team 45 45 League T23"]
[Site "Internet Chess Club"]
[Date "2004.07.17"]
[Round "6"]
[White "rgadoury"]
[Black "SeanT"]
[Result "1-0"]
[WhiteElo "1445"]
[BlackElo "1362"]
[TimeControl "2700+45"]

1. d4 d5 2. g3 Nf6 3. Bg2 e6 4. e3 Bb4+ 5. c3 Bd6 6. Nd2 O-O 7. a3 b5 8. b4 Nbd7
9. e4 Re8 10. e5 Ne4 11. Nxe4 dxe4 12. exd6 cxd6 13. Bxe4 d5 14. Bd3 Rb8 15. Nf3
Nb6 16. Bxb5 Bd7 17. Bxd7 Qxd7 18. Ne5 Qb5 19. Qd3 Qxd3 20. Nxd3 Nc4 21. O-O f6
22. Nb2 Nd6 23. f3 Rbc8 24. Bd2 Nb5 25. Rfc1 Rc7 26. a4 Nd6 27. Re1 g5 28. g4
Rg7 29. Re2 f5 30. Rae1 Rg6 31. Re5 h6 32. gxf5 Nxf5 33. Rxf5 g4 34. Kf2 Rc8 35.
Rfe5 Kf7 36. Rg1 Rf6 37. Rxg4 Rh8 38. Rf4 {Black resigns} 1-0

[Event "Team 45 45 League T23"]
[Site "Internet Chess Club"]
[Date "2004.07.17"]
[Round "6"]
[White "siddhu"]
[Black "jerry813"]
[Result "1-0"]
[WhiteElo "1614"]
[BlackElo "1263"]
[TimeControl "2700+45"]

1. e4 c5 2. Nf3 Nc6 3. d4 d6 4. dxc5 Nf6 5. Nc3 Bg4 6. Be2 h6 7. h3 Be6 8. Bb5
Qc7 9. cxd6 exd6 10. Nd4 a6 11. Bxc6+ bxc6 12. Nxe6 fxe6 13. O-O Be7 14. Re1 Nd7
15. Be3 c5 16. Rb1 a5 17. Nb5 Qc6 18. Qd3 Ne5 19. Qb3 c4 20. Qa4 O-O 21. Nc3
Rfb8 22. Qxc6 Nxc6 23. b3 cxb3 24. Rxb3 Rxb3 25. cxb3 Nb4 26. Re2 Rc8 27. Na4
Nd3 28. Bd2 Nc1 29. Bxc1 Rxc1+ 30. Kh2 Bf6 31. f4 e5 32. fxe5 Bxe5+ 33. g3 Rd1
34. Nb2 Ra1 35. Nd3 Rd1 36. Nxe5 dxe5 37. Rc2 Rd4 38. Rc5 Rxe4 39. Rxa5 Re2+ 40.
Kg1 Re3 41. Kf2 Re4 42. Kf3 Re1 43. b4 Kh7 44. b5 Kg6 45. b6 Rb1 46. Ra6 Kf5 47.
g4+ Kg5 48. a4 Rb3+ 49. Ke4 Rxh3 50. b7 Rb3 51. Ra7 Kxg4 52. a5 Rb5 53. a6 h5
54. Ra8 Rb4+ 55. Kxe5 Rb5+ 56. Kd6 g5 57. b8=Q Rxb8 58. Rxb8 h4 59. a7 h3 60.
a8=Q h2 61. Qh1 Kg3 62. Rb3+ {Black resigns} 1-0

[Event "Team 45 45 League T23"]
[Site "Internet Chess Club"]
[Date "2004.07.19"]
[Round "6"]
[White "BosqueVerde"]
[Black "WannaB"]
[Result "1-0"]
[WhiteElo "1308"]
[BlackElo "1220"]
[TimeControl "2700+45"]

1. e4 c5 2. Nf3 d6 3. d4 cxd4 4. Nxd4 Nf6 5. Nc3 a6 6. Be2 e5 7. Nf3 Be7 8. O-O
b5 9. Nd5 Nxd5 10. Qxd5 Ra7 11. c4 Bb7 12. Qd3 Bc6 13. Be3 Ra8 14. b4 bxc4 15.
Qxc4 Bb5 16. Qc2 Nd7 17. a4 Bxe2 18. Qxe2 O-O 19. Rfb1 Nf6 20. h3 Nxe4 21. Qc4
d5 22. Qc2 Rc8 23. Qd3 Ra8 24. Nxe5 Bf6 25. Bd4 Bxe5 26. Bxe5 f6 27. Bd4 Qd6 28.
b5 axb5 29. Rxb5 Rfb8 30. Rxb8+ Rxb8 31. a5 Ra8 32. a6 Qc6 33. a7 Qc4 34. Qxc4
dxc4 35. Rb1 Kf7 36. Rb8 Rxa7 37. Bxa7 c3 38. Rc8 g5 39. f3 Ng3 40. Kf2 Nh1+ 41.
Ke3 f5 42. f4 h6 43. Rxc3 Ng3 44. Rc6 Ne4 45. g4 gxf4+ 46. Kxf4 Nf6 47. Kxf5 h5
48. Rxf6+ Kg7 49. Bd4 hxg4 50. hxg4 Kg8 51. Kg6 Kh8 52. Ra6+ {Black resigns} 1-0